 Dungeon Crawl Stone Soup version 0.30-a0-7-g94fe547ab8 (webtiles) character file.

Game seed: 8206032428507034883

395 Plasmagod the Covert (level 6, -1/30 HPs)
             Began as a Spriggan Brigand on Aug 23, 2022.
             Slain by a jelly (2 damage)
             ... on level 5 of the Dungeon.
             The game lasted 00:14:49 (5042 turns).

Plasmagod the Covert (Spriggan Brigand)             Turns: 5042, Time: 00:14:49

Health: -1/30      AC: -9    Str:  7    XL:     6   Next: 52%
Magic:  7/7        EV: 17    Int: 13    God:
Gold:   217        SH:  0    Dex: 18    Spells: 5/5 levels left

rFire   . . .      SeeInvis +    u - +0 shortbow
rCold   . . .      Faith    .    (shield currently unavailable)
rNeg    . . .      Spirit   .    b - +0 robe
rPois   .          Reflect  .    (helmet restricted)
rElec   .          Harm     .    c - +0 cloak
rCorr   .          Rampage  .    (gloves unavailable)
Will    +....                    (boots unavailable)
Stlth   +++++.....               (no amulet)
HPRegen 0.10/turn                (no ring)
MPRegen 0.10/turn                (no ring)

@: corroded, very quick
A: very small, no large weapons, unfitting armour, see invisible, speed 3
a: no special abilities


You were on level 5 of the Dungeon.
You visited 1 branch of the dungeon, and saw 5 of its levels.

You collected 217 gold pieces.

Inventory:

Hand Weapons
 a - a +2 dagger
 d - the +3 spear "Dragonslayer" {venom, Will+}
   (You took it off a gnoll on level 2 of the Dungeon)

   It poisons the flesh of those it strikes.
   Will:      It increases your willpower.
 u - a +0 shortbow (weapon)
Missiles
 e - a curare-tipped dart
 n - 2 throwing nets
 p - 2 atropa-tipped darts
Armour
 b - a +0 robe (worn)
 c - a +0 cloak (worn)
Scrolls
 f - 6 scrolls of identify {unknown}
 h - 3 scrolls of vulnerability {unknown}
 k - 2 scrolls of teleportation {unknown}
 l - 3 scrolls of amnesia {unknown}
 q - a scroll of noise {unknown}
 r - a scroll of blinking {unknown}
 s - a scroll of enchant armour {unknown}
Potions
 g - 3 potions of curing {unknown}
 j - a potion of berserk rage {unknown}
 m - a potion of flight {unknown}
 o - a potion of attraction {unknown}
 t - a potion of invisibility {unknown}


   Skills:
 - Level 1.7 Fighting
 - Level 2.3 Short Blades
 - Level 2.1 Throwing
 - Level 1.7 Dodging
 + Level 11.7 Stealth


You had 5 spell levels left.
You didn't know any spells.
Your spell library contained the following spells:

 Spells                   Type           Power      Damage    Failure   Level
 Magic Dart               Conj           0%         1d3       30%         1
 Call Imp                 Summ           0%         N/A       43%         2
 Poisonous Vapours        Pois/Air       0%         N/A       43%         2
 Mephitic Cloud           Conj/Pois/Air  0%         N/A       67%         3
 Corpse Rot               Necr/Pois/Air  0%         N/A       97%         4
 Summon Forest            Summ/Tloc      0%         N/A       100%        5
 Summon Mana Viper        Hex/Summ       0%         N/A       100%        5
 Summon Cactus Giant      Summ           0%         N/A       100%        6


Dungeon Overview and Level Annotations

Branches:
Dungeon (5/15)
 Temple: D:4-7

Altars:
Wu Jian
Zin

Shops:
D:4 :

Annotations:
D:3 2 transporters, RichitheSlayer's ghost, weakling FoFi


Innate Abilities, Weirdness & Mutations

You are very small and have problems with some larger weapons.
You are too small for most types of armour.
You have supernaturally acute eyesight. (SInv)
You cover ground extremely quickly. (Speed+++)


Message History

Fire: u) +0 shortbow
Press: ? - help, Q - select action, (/) - cycle Shift-Dir - straight line, f/p - jelly
Aim: a jelly (severely wounded, 90% to hit)
You shoot an arrow.
The arrow hits the jelly but does no damage.
The jelly is severely wounded.
A jackal comes into view.
The jackal moves out of view.
A jackal comes into view.
Fire: u) +0 shortbow
Press: ? - help, Q - select action, (/) - cycle Shift-Dir - straight line, f/p - jelly
Aim: a jelly (severely wounded, 90% to hit)
You shoot an arrow. The jackal barks!
The arrow hits the jelly.
The jelly is almost dead.
The jackal moves out of view.
A jackal comes into view.
The jackal moves out of view.
Fire: u) +0 shortbow
Press: ? - help, Q - select action, (/) - cycle Shift-Dir - straight line, f/p - jelly
Aim: a jelly (almost dead, 90% to hit)
You shoot an arrow.
The arrow hits the jelly but does no damage.
The jelly is almost dead.
Fire: u) +0 shortbow
Press: ? - help, Q - select action, (/) - cycle Shift-Dir - straight line, f/p - jelly
Aim: a jelly (almost dead, 90% to hit)
You shoot an arrow. The jackal barks!
The arrow hits the jelly.
The jelly is almost dead.
You hear a bark!
The jelly hits you.
* * * LOW HITPOINT WARNING * * *
The acid corrodes you!
You are splashed with acid.
* * * LOW HITPOINT WARNING * * *
The jelly jiggles.
The jelly hits you.
You die...

..... ...
.....#... ...#..#
....# ## #####h.##
#. #.......# ###.
#.......#######...
#@J.........!....<
#.......##########
#..###### #.## #.#
#.# #.# #.#


You could see a jelly and a jackal.

Vanquished Creatures
  A centaur (D:5)
  2 hounds (D:4)
  9 gnolls
  5 adders
  An ufetubus (D:3)
  3 worms
  5 dart slugs
  5 orcs (D:3)
  7 ball pythons
  11 endoplasms
  4 giant cockroaches
  9 goblins
  5 hobgoblins
  9 jackals
  5 kobolds
  A quokka (D:1)
  10 bats
  4 frilled lizards
  2 rats (D:1)
98 creatures vanquished.

Vanquished Creatures (others)
  A fungus (D:2)
1 creature vanquished.

Grand Total: 99 creatures vanquished

Notes
Turn   | Place    | Note
-------+----------+-------------------------------------------
     0 | D:1      | Plasmagod the Spriggan Brigand began the quest for the Orb.
     0 | D:1      | Reached XP level 1. HP: 10/10 MP: 2/2
    87 | D:1      | Reached skill level 6 in Stealth
    96 | D:1      | Reached XP level 2. HP: 15/15 MP: 3/3
   316 | D:1      | Reached skill level 7 in Stealth
   316 | D:1      | Reached XP level 3. HP: 15/18 MP: 4/4
  1076 | D:2      | Found a glowing silver altar of Zin.
  1743 | D:2      | Found a faded altar of an unknown god.
  1952 | D:2      | Reached skill level 8 in Stealth
  1959 | D:2      | Reached XP level 4. HP: 23/23 MP: 5/5
  2062 | D:2      | Identified the +3 spear "Dragonslayer" {venom, Will+}
  2264 | D:2      | Reached skill level 9 in Stealth
  2606 | D:3      | Found an ornate altar of the Wu Jian Council.
  2624 | D:3      | Reached XP level 5. HP: 26/26 MP: 6/6
  2777 | D:3      | Found a transporter.
  2777 | D:3      | Noticed RichitheSlayer's ghost (weakling FoFi)
  2780 | D:3      | Found a transporter.
  3244 | D:3      | Reached skill level 10 in Stealth
  3607 | D:4      | Found the +7 Kryia's mail coat {PotionHeal*2 rC+}
  4011 | D:4      | Reached XP level 6. HP: 30/30 MP: 7/7
  4048 | D:4      | Found Fiahonougo's Self-Improvement Boutique.
  4137 | D:4      | Reached skill level 11 in Stealth
  4674 | D:5      | Entered Level 5 of the Dungeon
  5042 | D:5      | HP: 1/30 [acid (6)]
  5042 | D:5      | Slain by a jelly

Illustrated notes

Levels and vault maps discovered:
D:1:      scummos_arrival_simple_crosswalls, layout_loops_ring
D:2:      layout_basic, shapermc_ecumenical_altar_gd, serial_curves,
          eino_curves_01, eino_curves_02, eino_curves_03, eino_curves_02,
          basic_altar
D:3:      layout_basic, mainiacjoe_overflow_six_doors_small,
          gammafunk_ghost_arena
D:4:      layout_basic, nicolae_shop_self_help
D:5:      layout_rooms, minmay_door_square, eino_small_chamber_without_monster

Skill      XL: |  1  2  3  4  5  6 |
---------------+-------------------+-----
Stealth        | 6 7 8 9 10 11 | 11.7
Fighting       | |  1.7
Short Blades   | |  2.3
Throwing       | |  2.1
Dodging        | |  1.7

Action                   |  1- 3 |  4- 6 || total
-------------------------+-------+-------++-------
Melee: Dagger            |   103 |    51 ||   154
       Spear             |       |    62 ||    62
       Punch             |       |     1 ||     1
 Fire: Shortbow          |       |    13 ||    13
Throw: Dart              |    66 |    29 ||    95
 Stab: Sleeping          |     7 |    15 ||    22
       Distracted        |     2 |     1 ||     3
Armor: Robe              |    12 |     5 ||    17
Dodge: Dodged            |    67 |    58 ||   125

Table legend: (Time is in decaauts)
 A = Elapsed time spent in this place.
 B = Non-inter-level travel time spent in this place.
 C = Inter-level travel time spent in this place.
 D = Time resting spent in this place.
 E = Time spent auto-exploring this place.
 F = Levels seen in this place.
 G = Mean time per level.
                   A        B        C        D        E       F      G
               +--------+--------+--------+--------+--------+-----+--------+
         Total |   3671 |   3578 |     93 |    463 |   2308 |   5 |  734.2 |
       Dungeon |   3671 |   3578 |     93 |    463 |   2308 |   5 |  734.2 |
               +--------+--------+--------+--------+--------+-----+--------+

Top non-repeatable levels by time:
     D:4: 999 daAuts
     D:1: 983 daAuts
     D:2: 836 daAuts
     D:3: 767 daAuts
     D:5: 85 daAuts
